| TOP OF THE 1ST |
|
Binghamton Mets batting - Pitching for Hartford Yard Goats : RHP Chu-ho Yi
|
|
Pitching: RHP Chu-ho Yi
|
|
|
Batting: RHB Michael Youngberry
|
0-0: Called Strike 0-1: Ball 1-1: Foul Ball, location: 2F 1-2: Strikes out swinging
|
|
Batting: SHB Nick Daigle
|
0-0: Ball 1-0: Fly out, F2 (Popup, 15S, EV 87.5 MPH)
|
|
Batting: RHB Sam Callahan
|
0-0: Ball 1-0: Swinging Strike 1-1: Ball 2-1: Foul Ball, location: 2F 2-2: Ball 3-2: SINGLE (Groundball, 15S, EV 65.0 MPH) (infield hit)
|
|
Batting: RHB Jake Geib
|
0-0: Fielders Choice at 2nd, 6-4 (Groundball, 6, EV 78.8 MPH)
|
| Top of the 1st over - 0 runs, 1 hit, 0 errors, 1 left on base; Binghamton 0 - Hartford 0 |
| BOTTOM OF THE 1ST |
|
Hartford Yard Goats batting - Pitching for Binghamton Mets : RHP Jean-Pierre Carpentier
|
|
Pitching: RHP Jean-Pierre Carpentier
|
|
|
Batting: LHB Nick Martin
|
0-0: Ball 1-0: Swinging Strike 1-1: Called Strike 1-2: Foul Ball, location: 2F 1-2: Ball 2-2: Ground out 6-3 (Groundball, 56D, EV 84.4 MPH)
|
|
Batting: RHB Doug D'Onofrio
|
0-0: Ball 1-0: Called Strike 1-1: Foul Ball, location: 2F 1-2: Foul Ball, location: 2F 1-2: Ball 2-2: Foul Ball, location: 2F 2-2: Foul Ball, location: 2F 2-2: Ground out U3 (Groundball, 3, EV 83.8 MPH)
|
|
Batting: RHB Wali Mulogo
|
0-0: Fly out, F7 (Flyball, 78S, EV 72.5 MPH)
|
| Bottom of the 1st over - 0 runs, 0 hits, 0 errors, 0 left on base; Binghamton 0 - Hartford 0 |
| TOP OF THE 2ND |
|
Binghamton Mets batting - Pitching for Hartford Yard Goats : RHP Chu-ho Yi
|
|
Batting: LHB Jeremy Moorehead
|
0-0: Called Strike 0-1: Hit by Pitch
|
|
Batting: RHB Enrique Aguirre
|
0-0: Ball 1-0: Called Strike Jeremy Moorehead steals 2nd base 1-1: Ball 2-1: Ball 3-1: Called Strike 3-2: Fly out, F8 (Flyball, 8LD, EV 100.6 MPH)
|
|
Batting: RHB Ryan Marler
|
0-0: Ball 1-0: Foul Ball, location: 2F 1-1: Ball 2-1: Ball 3-1: SINGLE (Flyball, 6MD, EV 87.5 MPH) Jeremy Moorehead to third
|
|
Batting: RHB Gang-sheng Chew
|
0-0: Swinging Strike 0-1: Ball 1-1: Ball Ryan Marler steals 2nd base 2-1: Called Strike 2-2: Foul Ball, location: 2F 2-2: Fly out, F7 (Flyball, 7D, EV 101.9 MPH) Runner from 3rd tags up, SCORES, throw by LF Ryan Marler to third
|
|
Batting: RHB Mike Patterson
|
0-0: Ground out 6-3 (Groundball, 6S, EV 68.1 MPH)
|
| Top of the 2nd over - 1 run, 1 hit, 0 errors, 1 left on base; Binghamton 1 - Hartford 0 |
| BOTTOM OF THE 2ND |
|
Hartford Yard Goats batting - Pitching for Binghamton Mets : RHP Jean-Pierre Carpentier
|
|
Batting: RHB Chris Osting
|
0-0: Ball 1-0: Ball 2-0: Ground out 6-3 (Groundball, 6S, EV 68.1 MPH)
|
|
Batting: RHB Ray Insley
|
0-0: Called Strike 0-1: Swinging Strike 0-2: Ball 1-2: Ball 2-2: Ball 3-2: Base on Balls
|
|
Batting: RHB Manny Thompson
|
0-0: Ball 1-0: Called Strike 1-1: Called Strike 1-2: Strikes out swinging
|
|
Batting: RHB Josh Lofgreen
|
0-0: Called Strike 0-1: Swinging Strike 0-2: Foul Ball, location: 2F 0-2: Strikes out swinging
|
| Bottom of the 2nd over - 0 runs, 0 hits, 0 errors, 1 left on base; Binghamton 1 - Hartford 0 |
| TOP OF THE 3RD |
|
Binghamton Mets batting - Pitching for Hartford Yard Goats : RHP Chu-ho Yi
|
|
Batting: RHB Michael Youngberry
|
0-0: Swinging Strike 0-1: Ball 1-1: Ball 2-1: Ball 3-1: Swinging Strike 3-2: DOUBLE (Flyball, 89D, EV 107.5 MPH)
|
|
Batting: SHB Nick Daigle
|
0-0: Ball 1-0: Ball 2-0: Ball 3-0: Called Strike 3-1: Foul Ball, location: 2F 3-2: Base on Balls
|
|
Batting: RHB Sam Callahan
|
0-0: Foul Ball, location: 2F 0-1: Ball 1-1: Grounds into double play, 6-4-3 (Groundball, 6MS, EV 80.6 MPH) Michael Youngberry to third
|
|
Batting: RHB Jake Geib
|
0-0: Called Strike 0-1: Foul Ball, location: 2F 0-2: Ball 1-2: Ground out U3 (Groundball, 13, EV 88.1 MPH)
|
| Top of the 3rd over - 0 runs, 1 hit, 0 errors, 1 left on base; Binghamton 1 - Hartford 0 |
| BOTTOM OF THE 3RD |
|
Hartford Yard Goats batting - Pitching for Binghamton Mets : RHP Jean-Pierre Carpentier
|
|
Batting: RHB Carlos de Jesus
|
0-0: Ball 1-0: Ball 2-0: Foul Ball, location: 2F 2-1: Called Strike 2-2: Strikes out swinging
|
|
Batting: RHB Willie Benito
|
0-0: Ball 1-0: Ball 2-0: Called Strike 2-1: Foul Ball, location: 2F 2-2: Ball 3-2: Ground out U3 (Groundball, 34, EV 85.0 MPH)
|
|
Batting: LHB Nick Martin
|
0-0: Ball 1-0: SINGLE (Line Drive, 4D, EV 102.5 MPH)
|
|
Batting: RHB Doug D'Onofrio
|
0-0: Called Strike Nick Martin steals 2nd base 0-1: Fly out, F3 (Line Drive, 3L, EV 61.2 MPH)
|
| Bottom of the 3rd over - 0 runs, 1 hit, 0 errors, 1 left on base; Binghamton 1 - Hartford 0 |
| TOP OF THE 4TH |
|
Binghamton Mets batting - Pitching for Hartford Yard Goats : RHP Chu-ho Yi
|
|
Batting: LHB Jeremy Moorehead
|
0-0: Called Strike 0-1: Ball 1-1: Ground out 4-3 (Groundball, 34, EV 103.8 MPH)
|
|
Batting: RHB Enrique Aguirre
|
0-0: Called Strike 0-1: Ball 1-1: Swinging Strike 1-2: Ball 2-2: Foul Ball, location: 2F 2-2: Ground out 4-3 (Groundball, 4M, EV 86.9 MPH)
|
|
Batting: RHB Ryan Marler
|
0-0: Ball 1-0: Foul Ball, location: 2F 1-1: Swinging Strike 1-2: Fly out, F8 (Flyball, 8LD, EV 104.4 MPH)
|
| Top of the 4th over - 0 runs, 0 hits, 0 errors, 0 left on base; Binghamton 1 - Hartford 0 |
| BOTTOM OF THE 4TH |
|
Hartford Yard Goats batting - Pitching for Binghamton Mets : RHP Jean-Pierre Carpentier
|
|
Batting: RHB Wali Mulogo
|
0-0: Called Strike 0-1: Ground out U3 (Groundball, 34, EV 96.2 MPH)
|
|
Batting: RHB Chris Osting
|
0-0: SINGLE (Groundball, 6M, EV 106.2 MPH) (infield hit)
|
|
Batting: RHB Ray Insley
|
0-0: DOUBLE (Line Drive, 5D, EV 104.4 MPH) Chris Osting to third
|
|
Batting: RHB Manny Thompson
|
0-0: Ball 1-0: Called Strike 1-1: Ball 2-1: Foul Ball, location: 2F 2-2: Strikes out looking
|
|
Batting: RHB Josh Lofgreen
|
0-0: Called Strike 0-1: Ball 1-1: Swinging Strike 1-2: Foul Ball, location: 2F 1-2: Ball 2-2: Ball 3-2: Base on Balls
|
|
Batting: RHB Carlos de Jesus
|
0-0: Fly out, F8 (Flyball, 8RD, EV 101.9 MPH)
|
| Bottom of the 4th over - 0 runs, 2 hits, 0 errors, 3 left on base; Binghamton 1 - Hartford 0 |
| TOP OF THE 5TH |
|
Binghamton Mets batting - Pitching for Hartford Yard Goats : RHP Chu-ho Yi
|
|
Batting: RHB Gang-sheng Chew
|
0-0: Ball 1-0: Ball 2-0: Ball 3-0: Called Strike 3-1: Foul Ball, location: 2F 3-2: Strikes out looking
|
|
Batting: RHB Mike Patterson
|
0-0: Swinging Strike 0-1: Called Strike 0-2: Strikes out swinging
|
|
Batting: RHB Michael Youngberry
|
0-0: Swinging Strike 0-1: Ball 1-1: Swinging Strike 1-2: Foul Ball, location: 2F 1-2: DOUBLE (Line Drive, 89D, EV 112.5 MPH)
|
|
Batting: SHB Nick Daigle
|
0-0: Ball 1-0: Swinging Strike 1-1: Ground out 2-3 (Groundball, 2L, EV 73.8 MPH)
|
| Top of the 5th over - 0 runs, 1 hit, 0 errors, 1 left on base; Binghamton 1 - Hartford 0 |
| BOTTOM OF THE 5TH |
|
Hartford Yard Goats batting - Pitching for Binghamton Mets : RHP Jean-Pierre Carpentier
|
|
Batting: RHB Willie Benito
|
0-0: Ball 1-0: Ball 2-0: Ball 3-0: Called Strike 3-1: Foul Ball, location: 2F 3-2: Base on Balls
|
|
Batting: LHB Nick Martin
|
0-0: Swinging Strike 0-1: Ball 1-1: Foul Ball, location: 2F 1-2: Strikes out swinging
|
|
Batting: RHB Doug D'Onofrio
|
0-0: Ball 1-0: Foul Ball, location: 2F 1-1: Swinging Strike 1-2: Ball 2-2: 2-RUN HOME RUN (Flyball, 78XD, EV 110.6 MPH), Distance : 427 ft
|
|
Batting: RHB Wali Mulogo
|
0-0: Called Strike 0-1: Ground out 4-3 (Groundball, 4, EV 85.6 MPH)
|
|
Batting: RHB Chris Osting
|
0-0: Called Strike 0-1: Swinging Strike 0-2: Ball 1-2: Ground out 4-3 (Groundball, 4M, EV 81.9 MPH)
|
| Bottom of the 5th over - 2 runs, 1 hit, 0 errors, 0 left on base; Binghamton 1 - Hartford 2 |
| TOP OF THE 6TH |
|
Binghamton Mets batting - Pitching for Hartford Yard Goats : RHP Chu-ho Yi
|
|
Pitching: RHP Curt De Kock
|
|
|
Batting: RHB Sam Callahan
|
0-0: Called Strike 0-1: Ground out 1-3 (Groundball, 34S, EV 69.4 MPH)
|
|
Batting: RHB Jake Geib
|
0-0: Called Strike 0-1: Ball 1-1: Ground out 4-3 (Groundball, 34, EV 78.8 MPH)
|
|
Batting: LHB Jeremy Moorehead
|
0-0: Foul Ball, location: 2F 0-1: Ball 1-1: Fly out, F9 (Flyball, 89D, EV 95.6 MPH)
|
| Top of the 6th over - 0 runs, 0 hits, 0 errors, 0 left on base; Binghamton 1 - Hartford 2 |
| BOTTOM OF THE 6TH |
|
Hartford Yard Goats batting - Pitching for Binghamton Mets : RHP Jean-Pierre Carpentier
|
|
Batting: RHB Ray Insley
|
0-0: Ball 1-0: Called Strike 1-1: Ground out 6-3 (Groundball, 56, EV 105.0 MPH)
|
|
Batting: RHB Manny Thompson
|
0-0: Ball 1-0: Called Strike 1-1: Foul Ball, location: 2F 1-2: Strikes out looking
|
|
Batting: RHB Josh Lofgreen
|
0-0: Called Strike 0-1: Ground out 6-3 (Groundball, 6, EV 91.9 MPH)
|
| Bottom of the 6th over - 0 runs, 0 hits, 0 errors, 0 left on base; Binghamton 1 - Hartford 2 |
| TOP OF THE 7TH |
|
Binghamton Mets batting - Pitching for Hartford Yard Goats : RHP Curt De Kock
|
|
Batting: RHB Enrique Aguirre
|
0-0: Foul Ball, location: 2F 0-1: Ball 1-1: Ground out U3 (Groundball, 34, EV 109.4 MPH)
|
|
Batting: RHB Ryan Marler
|
0-0: Ball 1-0: Foul Ball, location: 2F 1-1: Ball 2-1: Foul Ball, location: 2F 2-2: Foul Ball, location: 2F 2-2: SINGLE (Line Drive, 4M, EV 101.2 MPH)
|
|
Batting: RHB Gang-sheng Chew
|
0-0: Called Strike 0-1: Grounds into double play, 4-6-3 (Groundball, P, EV 83.1 MPH)
|
| Top of the 7th over - 0 runs, 1 hit, 0 errors, 0 left on base; Binghamton 1 - Hartford 2 |
| BOTTOM OF THE 7TH |
|
Hartford Yard Goats batting - Pitching for Binghamton Mets : RHP Jean-Pierre Carpentier
|
|
Batting: RHB Carlos de Jesus
|
0-0: Ball 1-0: Ball 2-0: Called Strike 2-1: Swinging Strike 2-2: Ball 3-2: Strikes out looking
|
|
Batting: RHB Willie Benito
|
0-0: Called Strike 0-1: Called Strike 0-2: Foul Ball, location: 2F 0-2: Strikes out swinging
|
|
Batting: LHB Nick Martin
|
0-0: SOLO HOME RUN (Flyball, 7D, EV 106.9 MPH), Distance : 412 ft
|
|
Batting: RHB Doug D'Onofrio
|
0-0: Ball 1-0: Called Strike 1-1: SINGLE (Groundball, 34D, EV 99.4 MPH)
|
|
Pitching: RHP Kyle Moser
|
|
|
Batting: RHB Wali Mulogo
|
0-0: Called Strike 0-1: Fly out, F7 (Line Drive, 78D, EV 94.4 MPH)
|
| Bottom of the 7th over - 1 run, 2 hits, 0 errors, 1 left on base; Binghamton 1 - Hartford 3 |
| TOP OF THE 8TH |
|
Binghamton Mets batting - Pitching for Hartford Yard Goats : RHP Curt De Kock
|
|
Pitching: LHP Rafael Lozano
|
|
|
Now at 1B: Brad Madden
|
|
|
Batting: RHB Mike Patterson
|
0-0: Ball 1-0: Fly out, F9 (Flyball, 89S, EV 85.6 MPH)
|
|
Batting: RHB Michael Youngberry
|
0-0: Ball 1-0: Swinging Strike 1-1: Called Strike 1-2: Strikes out swinging
|
|
Batting: SHB Nick Daigle
|
0-0: Foul Ball, location: 2F 0-1: Ball 1-1: Ball 2-1: Swinging Strike 2-2: Ball 3-2: Fly out, F8 (Flyball, 8LXD, EV 103.8 MPH)
|
| Top of the 8th over - 0 runs, 0 hits, 0 errors, 0 left on base; Binghamton 1 - Hartford 3 |
| BOTTOM OF THE 8TH |
|
Hartford Yard Goats batting - Pitching for Binghamton Mets : RHP Kyle Moser
|
|
Batting: RHB Chris Osting
|
0-0: Foul Ball, location: 2F 0-1: Ground out 5-3 (Groundball, 56S, EV 84.4 MPH)
|
|
Batting: RHB Ray Insley
|
0-0: Fly out, F7 (Flyball, 78S, EV 89.4 MPH)
|
|
Batting: RHB Manny Thompson
|
0-0: Foul Ball, location: 2F 0-1: Ball 1-1: Fly out, F8 (Line Drive, 78M, EV 98.8 MPH)
|
| Bottom of the 8th over - 0 runs, 0 hits, 0 errors, 0 left on base; Binghamton 1 - Hartford 3 |
| TOP OF THE 9TH |
|
Binghamton Mets batting - Pitching for Hartford Yard Goats : LHP Rafael Lozano
|
|
Pitching: RHP Bobby Servin
|
|
|
Batting: RHB Sam Callahan
|
0-0: Called Strike 0-1: Ball 1-1: Swinging Strike 1-2: Fly out, F6 (Popup, 6, EV 69.4 MPH)
|
|
Batting: RHB Jake Geib
|
0-0: Foul Ball, location: 2F 0-1: Ball 1-1: Ground out 4-3 (Groundball, 4, EV 106.9 MPH)
|
|
Batting: LHB Jeremy Moorehead
|
0-0: Ground out 4-3 (Groundball, 4, EV 78.8 MPH)
|
| Top of the 9th over - 0 runs, 0 hits, 0 errors, 0 left on base; Binghamton 1 - Hartford 3 |
|